 Dungeon Crawl Stone Soup version 0.31-a0-675-g238779eb0a (webtiles) character file.

Game seed: 1171999873046773456

83759 oldmanjim the Metamorph (level 15, -2/217 HPs)
             Began as a Troll Berserker on Aug 26, 2023.
             Was the Champion of Trog.
             Slain by a troll (10 damage)
             ... on level 11 of the Dungeon on Sept 5, 2023.
             The game lasted 02:20:18 (20418 turns).

oldmanjim the Metamorph (Troll Berserker)          Turns: 20418, Time: 02:20:21

Health: -2/217     AC: 12    Str: 43    XL:     15   Next: 33%
Magic:  0/14       EV:  8    Int:  5    God:    Trog [******]
Gold:   1018       SH:  0    Dex:  9    Spells: 14/14 levels left

rFire   + +          +
                       - Unarmed
rCold   . . .        v - melded +0 kite shield
rNeg    . . .        C - melded +2 robe {Will+}
rPois   +            O - melded +3 hat of Pondering {ponderous, Will+ MP+10 Int+5}
rElec   +            N - melded +0 cloak {Stlth+}
rCorr   +            (gloves unavailable)
SInv    .            (boots unavailable)
Will    ++...        y - amulet of guardian spirit Stlth
                     Y - ring "Jyklaoq" {rElec rF+ rC+ Will+ Stlth-}
HPRegen 2.36/turn    Q - ring of resist corrosion
MPRegen 0.14/turn

%: guardian spirit
@: short of breath, dragon-form, weak-willed, strong-willed, flying,
regenerating, studying Fighting
A: dragon claw, dragon scales, breathe fire, flying, boosted hp, giant,
unfitting armour, (claws 3), regeneration 1, (shaggy fur 1), (tough skin 1)
a: Breathe Fire, Begin Untransformation, Renounce Religion, Berserk, Trog's
Hand, Brothers in Arms


You were on level 11 of the Dungeon.
You worshipped Trog.
Trog was exalted by your worship.
You were a fearsome dragon!
You visited 4 branches of the dungeon, and saw 19 of its levels.
You also visited: Ossuary.

You collected 1987 gold pieces.
You spent 969 gold pieces at shops.

Inventory:

Hand Weapons
 a - a +4 demon whip of flaming
Missiles
 f - 20 large rocks
 n - 7 stones
 q - 31 poisoned darts
 F - 43 boomerangs
 G - 8 curare-tipped darts
 H - 4 datura-tipped darts
 J - 3 throwing nets
Armour
 v - a +0 kite shield (melded)
 C - a +2 robe of willpower (melded)
 N - a +0 cloak of stealth (melded)
 O - the +3 hat of Pondering (melded) {ponderous, Will+ MP+10 Int+5}
   (You took it off Gastronok on level 8 of the Dungeon)

   Int+5:     It affects your intelligence (+5).
   Will+:     It increases your willpower.
   MP+10:     It affects your magic capacity (+10).
Jewellery
 i - a ring of flight
 t - the necklace of Bloodlust {Fury *Rage Will++ Int-3 Slay+6}
   (You found it on level 1 of the Orcish Mines)

   [amulet of nothing]

   Fury:      It extends the wearer's berserk rage when killing foes.
   Int-3:     It affects your intelligence (-3).
   Slay+6:    It affects your accuracy & damage with ranged weapons and melee
   (+6).
   Will++:    It greatly increases your willpower.
   *Rage:     It berserks you when you make melee attacks (+50% chance).
 y - an amulet of guardian spirit (around neck)
 A - a +6 ring of intelligence
 K - a ring of ice
 Q - a ring of resist corrosion (right foreclaw)
 Y - the ring "Jyklaoq" (left foreclaw) {rElec rF+ rC+ Will+ Stlth-}
   (You found it on level 3 of the Lair of Beasts)

   [ring of protection from cold]

   rF+:       It protects you from fire.
   rC+:       It protects you from cold.
   rElec:     It insulates you from electricity.
   Will+:     It increases your willpower.
   Stlth-:    It makes you less stealthy.
Talismans
 D - a blade talisman
 S - a dragon-blood talisman (active)
 W - a maw talisman
Wands
 c - a wand of acid (5)
 E - a wand of digging (4)
 L - a wand of paralysis (25)
 M - a wand of roots (9)
 T - a wand of mindburst (9)
 U - a wand of flame (4)
Scrolls
 d - 7 scrolls of enchant armour
 g - 4 scrolls of blinking
 j - 4 scrolls of teleportation
 k - 6 scrolls of poison
 m - 3 scrolls of enchant weapon
 p - 3 scrolls of fear
 s - 2 scrolls of fog
 u - 2 scrolls of torment
 B - a scroll of brand weapon
 I - 6 scrolls of revelation
 P - 2 scrolls of silence
 X - a scroll of immolation
Potions
 b - 2 potions of enlightenment
 e - 4 potions of lignification
 h - 3 potions of cancellation
 l - 8 potions of curing
 o - 3 potions of might
 r - 2 potions of ambrosia
 w - 4 potions of berserk rage
 x - 5 potions of heal wounds
 z - a potion of magic {unknown}
 R - 4 potions of haste
 Z - a potion of attraction
Miscellaneous
 V - a condenser vane


   Skills:
 + Level 8.6 Fighting
 - Level 4.0 Maces & Flails
 - Level 5.0 Throwing
 + Level 4.0 Dodging
 - Level 10.0 Shields
 + Level 14.3 Unarmed Combat
 + Level 16.2 Shapeshifting


You had 14 spell levels left.
You didn't know any spells.
Your spell library was empty.

Dungeon Overview and Level Annotations

Branches:
Dungeon (11/15)            Temple (1/1) D:4            Lair (5/5) D:11
 Shoals (0/4) Lair:2        Snake (0/4) Lair:3        Slime (0/5) Lair:4
    Orc (2/2) D:11            Elf (0/3) Orc:2       Ossuary (visited)

Altars:
Ashenzari
Cheibriados
Dithmenos
Elyvilon
Fedhas
Gozag
Hepliaklqana
Kikubaaqudgha
Makhleb
Nemelex Xobeh
Okawaru
Qazlal
Ru
Sif Muna
Trog
Uskayaw
Vehumet
Wu Jian
Xom
Yredelemnul
Zin
The Shining One
Jiyva

Shops:
D:1 =   D:8 (   Orc:2 *?!?

Annotations:
D:6 Pikel
Lair:4 1 runed translucent door, exclusion: door


Innate Abilities, Weirdness & Mutations

You are a fearsome dragon!
You have a powerful clawing attack.
Your giant scaled body is strong and resilient, but less evasive.
You can breathe fire.
You are flying.
Your maximum health is greatly increased.
Your armour is entirely melded.
You are incapable of wielding weapons or throwing items.
You are too large for most types of armour.
((You have claws for hands.))
Your natural rate of healing is unusually fast.
((You are covered in fur. (AC +1)))
((You have tough skin. (AC +1)))


Message History

You kill the fire giant!
Trog accepts your kill.
Trog appreciates your killing of a magic user.
The phantasmal warrior hits you.
Your Dodging skill increases to level 4!
You barely miss the seven-headed hydra. You tail-slap the seven-headed hydra!
You claw the seven-headed hydra! You bite the seven-headed hydra!
The seven-headed hydra is heavily wounded.
The seven-headed hydra bites you but does no damage. x3
The seven-headed hydra bites you!
The seven-headed hydra bites you but does no damage.
The seven-headed hydra bites you.
The seven-headed hydra bites you but does no damage.
You rip one of the seven-headed hydra's heads off!
The six-headed hydra grows two more!
You bite the eight-headed hydra!! You claw the eight-headed hydra!
The eight-headed hydra is almost dead.
The phantasmal warrior hits you!!
* * * LOW HITPOINT WARNING * * *
You tear one of the eight-headed hydra's heads off!
The seven-headed hydra grows two more!
You maul the nine-headed hydra!!!
You kill the nine-headed hydra!
Trog accepts your kill. The phantasmal warrior hits you!!
* * * LOW HITPOINT WARNING * * *
Your skin crawls.
You feel strong-willed. The troll closely misses you. The troll claws you!
* * * LOW HITPOINT WARNING * * *
The troll claws you.
* * * LOW HITPOINT WARNING * * *
The phantasmal warrior hits you!
* * * LOW HITPOINT WARNING * * *
You bite the phantasmal warrior!! You claw the phantasmal warrior!!
Your bite misses the phantasmal warrior.
The phantasmal warrior is almost destroyed.
The troll bites you!
* * * LOW HITPOINT WARNING * * *
The troll closely misses you. The troll claws you!
You die...

#.....##......
##.....##......
#..######......
##.## #.....[
##..# #......
#..## ##.#... ###
####.## #.#...
.#.#.#..#W#
#.#...
.#.#.#.#D##
#.#..)
#.#.#.#.#T#.#
#.#..[
#.#.#..#T####
#.....
#.#.#.#.#...#
###...
#.#..#.#....#
#...
#.#.#°#.#####
#...
#####..#.#......#
#...
#Jp...#.#########
#... #J## #...


You could see a deep troll, a phantasmal warrior and a troll.

Vanquished Creatures
  Gastronok (D:8)
  A frost giant (D:11)
  A fire giant (D:11)
  2 orc warlords (Orc:2)
  A stone giant (D:11)
  An ettin (Orc:1)
  5 catoblepae
  7 hydras
  9 two-headed ogres
  4 boulder beetles
  A centaur warrior (D:10)
  4 orc high priests (Orc:2)
  14 death yaks
  Nergalle (Lair:3)
  A lindwurm (Lair:5)
  8 orc knights
  An ugly thing (D:11)
  6 orc sorcerers
  3 cyclopes
  A manticore (Lair:5)
  Maurice (D:8)
  4 black mambas
  11 elephants
  A guardian serpent (Lair:3)
  12 cane toads
  2 unseen horrors (D:11)
  2 rime drakes
  6 komodo dragons
  Psyche (D:8)
  A silent spectre (Orc:1)
  8 trolls
  A hornet (D:10)
  A merfolk (Lair:2)
  A polar bear (Lair:4)
  13 blink frogs
  6 dream sheep (Lair:5)
  A slime creature (D:11)
  Sigmund (D:6)
  A shadow (D:11)
  4 wyverns
  2 vampires (D:9)
  50 yaks
  Eustachio (D:4)
  4 vampire mosquitoes (D:10)
  3 steam dragons
  2 basilisks
  3 wargs (Orc:2)
  2 acid dragons
  19 water moccasins
  5 black bears
  47 orc warriors
  A sky beast (D:7)
  A hornet zombie (Ossuary)
  13 wolves
  15 ogres
  2 lemures
  7 centaurs
  2 phantoms (D:5)
  A kobold brigand (D:6)
  A gnoll sergeant (D:8)
  A wyvern zombie (Ossuary)
  Blork the orc (D:5)
  12 bullfrogs
  3 scorpions
  8 wights (D:8)
  A water moccasin zombie (Ossuary)
  9 killer bees
  5 howler monkeys
  6 bullfrog zombies (Ossuary)
  2 centaur zombies (Ossuary)
  35 orc priests
  2 hounds (D:5)
  4 jellies
  A gnoll bouda (D:3)
  3 iguanas (D:5)
  25 orc wizards
  2 hell rats (Lair:2)
  3 killer bee zombies (Ossuary)
  6 howler monkey zombies (Ossuary)
  17 mummies
  12 gnolls
  7 adders
  7 river rats
  A shadow imp (D:4)
  An ufetubus (D:7)
  2 worms
  90 orcs
  9 endoplasms
  6 giant cockroaches
  4 hobgoblins
  4 jackals (D:3)
  7 quokkas
  4 ball pythons
  6 bats
  5 frilled lizards
  4 goblins
  A goblin zombie (D:5)
  A hobgoblin zombie (D:5)
  9 kobolds
  5 rats
662 creatures vanquished.

Vanquished Creatures (others)
  A killer bee (D:8)
  An orc (D:10)
2 creatures vanquished.

Grand Total: 664 creatures vanquished

Notes
Turn   | Place    | Note
-------+----------+-------------------------------------------
     0 | D:1      | oldmanjim the Troll Berserker began the quest for the Orb.
     0 | D:1      | Reached XP level 1. HP: 22/22 MP: 0/0
   191 | D:1      | Reached XP level 2. HP: 29/29 MP: 1/1
   397 | D:1      | Reached ** piety under Trog
   483 | D:1      | Found a faded altar of an unknown god.
   483 | D:1      | Noticed a crimson imp
   532 | D:1      | Found Liahecw's Jewellery Boutique.
   837 | D:2      | Reached XP level 3. HP: 36/36 MP: 2/2
  1039 | D:2      | You are sucked into a shaft and drop 1 floor!
  1098 | D:3      | Found a hide-covered altar of Uskayaw.
  1130 | D:3      | Reached XP level 4. HP: 40/45 MP: 3/3
  1323 | D:3      | Reached skill level 5 in Unarmed Combat
  1323 | D:3      | Reached XP level 5. HP: 53/53 MP: 4/4
  1724 | D:3      | Found a glowing silver altar of Zin.
  1840 | D:4      | Found a staircase to the Ecumenical Temple.
  1944 | D:4      | Reached skill level 1 in Shapeshifting
  1975 | Temple   | Entered the Ecumenical Temple
  2013 | D:4      | Reached *** piety under Trog
  2014 | D:4      | Reached XP level 6. HP: 60/61 MP: 5/5
  2100 | D:4      | Noticed Eustachio
  2117 | D:4      | Killed Eustachio
  2118 | D:4      | Reached skill level 2 in Shapeshifting
  2344 | D:5      | Entered Level 5 of the Dungeon
  2357 | D:5      | Reached XP level 7. HP: 52/67 MP: 6/6
  2370 | D:5      | Reached skill level 3 in Shapeshifting
  2423 | D:5      | Found a white marble altar of Elyvilon.
  2457 | D:5      | Reached skill level 4 in Shapeshifting
  2457 | D:5      | Upgraded the game from 0.31-a0-636-ge1c0e020e0 to
                  | 0.31-a0-640-g39d97e502b
  2484 | D:5      | Found a sand-covered staircase.
  2496 | Ossuary  | Entered an ossuary
  2518 | Ossuary  | Reached XP level 8. HP: 60/75 MP: 7/7
  2547 | Ossuary  | Reached skill level 5 in Shapeshifting
  2550 | Ossuary  | Reached **** piety under Trog
  3029 | D:5      | Reached skill level 6 in Shapeshifting
  3230 | D:5      | Found a broken altar of Ashenzari.
  3232 | D:5      | Noticed Blork the orc
  3242 | D:5      | Killed Blork the orc
  3243 | D:5      | Reached XP level 9. HP: 55/84 MP: 8/8
  3503 | D:5      | Reached skill level 1 in Shields
  3577 | D:5      | Found a shadowy altar of Dithmenos.
  3580 | D:5      | Found a blossoming altar of Fedhas.
  3582 | D:5      | Found an ancient bone altar of Kikubaaqudgha.
  3583 | D:5      | Found a stormy altar of Qazlal.
  4094 | D:6      | Noticed Sigmund
  4149 | D:6      | Killed Sigmund
  4232 | D:6      | Noticed Pikel
  4469 | D:6      | Upgraded the game from 0.31-a0-640-g39d97e502b to
                  | 0.31-a0-662-g684573625c
  4889 | D:7      | Reached skill level 7 in Shapeshifting
  4976 | D:7      | Reached skill level 1 in Maces & Flails
  5595 | D:7      | Found a shimmering altar of Xom.
  5604 | D:7      | Found an ornate altar of the Wu Jian Council.
  5705 | D:8      | Noticed Psyche
  5722 | D:8      | Killed Psyche
  5726 | D:8      | Reached skill level 10 in Unarmed Combat
  5726 | D:8      | Reached XP level 10. HP: 93/93 MP: 7/9
  5819 | D:8      | Noticed Maurice
  6120 | D:8      | Killed Maurice
  6276 | D:8      | Noticed Gastronok
  6302 | D:8      | Killed Gastronok
  6303 | D:8      | Reached skill level 5 in Shields
  6303 | D:8      | Reached skill level 8 in Shapeshifting
  6514 | D:8      | Reached ***** piety under Trog
  6702 | D:8      | Found Iggea's Weapon Shop.
  7679 | D:10     | Entered Level 10 of the Dungeon
  7785 | D:10     | Reached XP level 11. HP: 101/101 MP: 10/10
  8120 | D:10     | Reached skill level 5 in Fighting
  8291 | D:10     | Noticed a centaur warrior
  8306 | D:10     | Reached skill level 9 in Shapeshifting
  8314 | D:10     | Killed a centaur warrior
  8410 | D:10     | Noticed a two-headed ogre
  8493 | D:10     | Killed a two-headed ogre
  8508 | D:10     | Paralysed by a hornet for 1 turns
  8588 | D:10     | Noticed a two-headed ogre
  8594 | D:10     | Killed a two-headed ogre
  8932 | D:10     | Upgraded the game from 0.31-a0-662-g684573625c to
                  | 0.31-a0-664-g902f515a81
  8990 | D:11     | Found a staircase to the Lair.
  9145 | D:11     | Noticed a boulder beetle
  9178 | D:11     | Killed a boulder beetle
  9179 | D:11     | Reached skill level 1 in Throwing
  9308 | D:11     | Noticed a boulder beetle
  9319 | D:11     | Killed a boulder beetle
  9627 | D:11     | Noticed a death knight
  9627 | D:11     | Noticed a seven-headed hydra
  9627 | D:11     | Noticed a tengu warrior
  9629 | D:11     | Noticed a five-headed hydra
  9630 | D:11     | Noticed a centaur warrior
  9637 | D:11     | Noticed a two-headed ogre
  9637 | D:11     | Noticed a green ugly thing
  9644 | D:11     | Found a staircase to the Orcish Mines.
  9845 | Lair:1   | Entered Level 1 of the Lair of Beasts
 10010 | Lair:1   | Received a gift from Trog
 10011 | Lair:1   | Noticed a catoblepas
 10033 | Lair:1   | Killed a catoblepas
 10132 | Lair:1   | Noticed a four-headed hydra
 10143 | Lair:1   | Killed a four-headed hydra
 10144 | Lair:1   | Reached skill level 10 in Shapeshifting
 10144 | Lair:1   | Reached XP level 12. HP: 73/111 MP: 11/11
 10548 | Lair:1   | Upgraded the game from 0.31-a0-664-g902f515a81 to
                  | 0.31-a0-672-g7da72447bb
 10753 | Lair:2   | HP: 5/111 [poisoned by a black mamba]
 10755 | Lair:2   | HP: 2/111 [poisoned by a black mamba]
 10989 | Lair:2   | Noticed a death yak
 10993 | Lair:2   | Noticed a death yak
 10993 | Lair:2   | Noticed a death yak
 11012 | Lair:2   | Noticed a death yak
 11060 | Lair:2   | Killed a death yak
 11068 | Lair:2   | Killed a death yak
 11078 | Lair:2   | Killed a death yak
 11091 | Lair:2   | Killed a death yak
 11325 | Lair:2   | Reached skill level 11 in Shapeshifting
 11581 | Lair:2   | Noticed a boulder beetle
 11595 | Lair:2   | Killed a boulder beetle
 11770 | Lair:2   | Found a staircase to the Shoals.
 11962 | Lair:3   | Noticed a catoblepas
 11980 | Lair:3   | Killed a catoblepas
 12133 | Lair:3   | Reached skill level 10 in Shields
 12252 | Lair:3   | Found a staircase to the Snake Pit.
 12324 | Lair:3   | Reached XP level 13. HP: 120/120 MP: 12/12
 12682 | Lair:3   | Noticed Nergalle
 12693 | Lair:3   | Killed Nergalle
 12694 | Lair:3   | Reached skill level 12 in Shapeshifting
 12913 | Lair:3   | Identified the ring "Jyklaoq" {rElec rF+ rC+ Will+ Stlth-}
 13244 | Lair:4   | Received a gift from Trog
 13448 | Lair:4   | Found a runed translucent door.
 13448 | Lair:4   | Found a viscous altar of Jiyva.
 13448 | Lair:4   | Noticed an azure jelly
 13449 | Lair:4   | Found a staircase to the Slime Pits.
 13449 | Lair:4   | Noticed an azure jelly
 13449 | Lair:4   | Noticed an azure jelly
 14375 | Lair:5   | Entered Level 5 of the Lair of Beasts
 14904 | Lair:5   | Reached skill level 13 in Shapeshifting
 14972 | Lair:5   | Reached skill level 5 in Throwing
 15028 | Lair:5   | Reached XP level 14. HP: 133/133 MP: 13/13
 16500 | Lair:5   | Identified the +6 great sword "Hohoumusu" {spect, Will+}
 16888 | D:1      | Bought a dragon-blood talisman for 800 gold pieces
 17084 | D:11     | Reached skill level 14 in Shapeshifting
 17127 | D:11     | Noticed a stone giant
 17135 | D:11     | Killed a stone giant
 17242 | Orc:1    | Entered Level 1 of the Orcish Mines
 17383 | Orc:2    | Entered Level 2 of the Orcish Mines
 17798 | Orc:2    | Identified the +2 mace of Dousewn {drain, Str+7 Int+5
                  | Dex-4}
 17813 | Orc:2    | Reached skill level 15 in Shapeshifting
 17882 | Orc:2    | Reached ****** piety under Trog
 17946 | Orc:2    | Paralysed by an orc sorcerer for 3 turns
 18078 | Orc:2    | Found a staircase to the Elven Halls.
 18148 | Orc:2    | Noticed an orc warlord
 18301 | Orc:2    | Killed an orc warlord
 18407 | Orc:2    | Identified the +7 double sword of Puckish Vengeance {flame,
                  | rPois rC- rN++} (Trog gifted it to you on level 2 of the
                  | Orcish Mines)
 18407 | Orc:2    | Received a gift from Trog
 18534 | Orc:2    | Found Ohia's Distillery.
 18569 | Orc:2    | Found Olanuhip's Magic Scroll Boutique.
 18754 | Orc:2    | Noticed an orc warlord
 18759 | Orc:2    | Killed an orc warlord
 18760 | Orc:2    | Reached XP level 15. HP: 143/143 MP: 14/14
 18948 | Orc:2    | Reached skill level 16 in Shapeshifting
 19168 | Orc:2    | Received a gift from Trog
 19435 | Orc:2    | Found Enwetoene's Assorted Antiques.
 19475 | Orc:2    | Found Jaarghusu's Magic Scroll Shoppe.
 19573 | Orc:1    | Found a transporter.
 19588 | Orc:1    | Found a transporter.
 19588 | Orc:1    | Found a runed translucent door.
 19588 | Orc:1    | Found a bloodstained altar of Trog.
 19588 | Orc:1    | Found the necklace of Bloodlust {Fury *Rage Will++ Int-3
                  | Slay+6}
 19873 | Orc:1    | Identified the +10 plate armour of the Barnacle {Str+4}
 20307 | Orc:2    | Bought a potion of heal wounds for 65 gold pieces
 20307 | Orc:2    | Bought a potion of cancellation for 104 gold pieces
 20308 | Orc:2    | Upgraded the game from 0.31-a0-672-g7da72447bb to
                  | 0.31-a0-675-g238779eb0a
 20402 | D:11     | Noticed a fire giant
 20404 | D:11     | Noticed a frost giant
 20409 | D:11     | Killed a frost giant
 20413 | D:11     | Killed a fire giant
 20418 | D:11     | HP: 8/217 [troll (11)]
 20418 | D:11     | Slain by a troll

Illustrated notes

Levels and vault maps discovered:
D:1:      evilmike_arrival_grusome_pit, layout_loops_ring, serial_shops, shop,
          dreamdust_ecumenical_altar_sealed_demon
D:2:      layout_rooms, serial_corexii_hall, corexii_hall_statues_u,
          corexii_hall_statues_l, corexii_hall_statues_x
D:3:      layout_loops_ring, zin_treasury, nicolae_overflow_crystal_walls
D:4:      layout_rooms, minmay_temple_entry_large_hall, uniq_eustachio
D:5:      layout_basic, mainiacjoe_overflow_24_doors,
          mainiacjoe_overflow_six_doors_small, mainiacjoe_overflow_alcove_3,
          nicolae_ossuary_entry_giza, gup_sewer_entry_pipe, eino_tiny_chamber,
          uniq_blork_the_orc
D:6:      layout_gridville, minmay_misc_feat_pillars, uniq_pikel, uniq_sigmund
D:7:      layout_loops_ring, mainiacjoe_overflow_swirl
D:8:      layout_basic, serial_corexii_hall, corexii_hall_statues_x,
          chequers_hall_statues_wall_a, chequers_hall_statues_corner_a,
          corexii_hall_statues_t, serial_shops,
          nicolae_shop_bloodbath_and_beyond, uniq_maurice, uniq_psyche,
          uniq_gastronok
D:9:      layout_roguey
D:10:     nicolae_hitomezashi [nicolae_hito_row, nicolae_hito_row,
          nicolae_hito_row, nicolae_hito_row, nicolae_hito_row,
          nicolae_hito_row, nicolae_hito_row, nicolae_hito_row,
          nicolae_hito_row, nicolae_hito_row, nicolae_hito_row,
          nicolae_hito_row, nicolae_hito_row, nicolae_hito_row,
          nicolae_hito_row, nicolae_hito_row, nicolae_hito_row,
          nicolae_hito_row], layout_loops_cross, grunt_potential
D:11:     minmay_tearing_corner, layout_basic, david_lair_shrubbed, david_orc_3
Temple:   nicolae_temple_x_marks_the_god
Lair:1:   layout_big_grid
Lair:2:   layout_small_grid, elwin_shoals_entry_rooms, serial_forest,
          infiniplex_forest_lined_room_, infiniplex_forest_straight_1,
          infiniplex_forest_lined_room_, infiniplex_forest_straight_3,
          infiniplex_forest_end_1, infiniplex_forest_lined_ring,
          infiniplex_forest_lined_3, infiniplex_forest_zigzag_1,
          infiniplex_forest_fountain, kennysheep_rathole
Lair:3:   layout_cave_pods, minmay_snake_entry_spellcaster,
          beast_lair_carwin_10, uniq_nergalle
Lair:4:   layout_regular_city, slime_entry_2, serial_forest,
          infiniplex_forest_zigzag_1, infiniplex_forest_straight_3,
          infiniplex_forest_clump_double, infiniplex_forest_clump_tiny,
          infiniplex_forest_lined_3, infiniplex_forest_fountain,
          infiniplex_forest_lined_3, serial_bayou_shore_b, grunt_megastairs_3
Lair:5:   evilmike_catoblepas_cave, layout_cave_pods, hibernation_bobbens,
          lemuel_fruit_fields
Orc:1:    emtedronai_trogs_sanctum, layout_caves
Orc:2:    pubby_orc_utopia

Skill      XL: |  1  2  3  4  5  6  7  8  9 10 11 12 13 14 15 |
---------------+----------------------------------------------+-----
Fighting       | 3 4 5 6 7 8 |  8.6
Dodging        | 3 4 |  4.0
Unarmed Combat | 4 5 6 7 8 10 12 13 14 | 14.3
Shapeshifting  | 1 2 4 6 7 8 10 11 13 15 16 | 16.2
Shields        | 4 5 7 10 | 10.0
Maces & Flails | 2 4 |  4.0
Throwing       | 3 5 |  5.0

Action                     |  1- 3 |  4- 6 |  7- 9 | 10-12 | 13-15 || total
---------------------------+-------+-------+-------+-------+-------++-------
  Melee: Unarmed           |   115 |   105 |   347 |   633 |   773 ||  1973
         Punch             |     1 |     1 |     5 |       |    23 ||    30
         Morningstar       |       |       |       |     7 |       ||     7
         Maw               |       |       |       |       |   129 ||   129
         Demon whip        |       |       |       |       |    18 ||    18
         Tailslap          |       |       |       |       |    48 ||    48
         Bite              |       |       |       |       |    38 ||    38
  Throw: Stone             |       |       |     4 |    28 |    52 ||    84
         Dart              |       |       |       |    46 |    63 ||   109
         Boomerang         |       |       |       |     3 |     1 ||     4
 Invoke: Trog's Hand       |       |     1 |     3 |       |     2 ||     6
         Berserk           |       |       |     1 |     6 |     6 ||    13
Ability: Breathe Fire      |       |       |       |       |     3 ||     3
  Evoke: Wand              |       |       |       |     2 |       ||     2
    Use: Scroll            |       |     7 |     8 |     8 |    11 ||    34
         Potion            |       |       |       |     1 |       ||     1
   Stab: Sleeping          |       |       |     2 |     2 |     1 ||     5
         Distracted        |       |       |     1 |       |       ||     1
         Paralysed         |       |       |       |     2 |       ||     2
         Petrified         |       |       |       |       |     6 ||     6
 Armour: Animal skin       |    43 |    30 |    43 |       |       ||   116
         Robe              |       |       |    75 |   542 |    29 ||   646
         Skin              |       |       |       |       |   595 ||   595
  Dodge: Dodged            |    60 |    58 |   141 |   197 |   218 ||   674
  Block: Kite shield       |       |       |    72 |   264 |   144 ||   480
   Form: Maw               |       |       |       |       |     1 ||     1
         Dragon            |       |       |       |       |     1 ||     1

Table legend: (Time is in decaauts)
 A = Elapsed time spent in this place.
 B = Non-inter-level travel time spent in this place.
 C = Inter-level travel time spent in this place.
 D = Time resting spent in this place.
 E = Time spent auto-exploring this place.
 F = Levels seen in this place.
 G = Mean time per level.
                   A        B        C        D        E       F      G
               +--------+--------+--------+--------+--------+-----+--------+
         Total |  20921 |  19232 |   1689 |   1376 |  12249 |  20 | 1046.1 |
       Dungeon |  10404 |   9061 |   1343 |    381 |   6202 |  11 |  945.8 |
        Temple |      1 |      1 |      0 |      0 |      0 |   1 |    1.0 |
          Lair |   7177 |   7025 |    152 |    718 |   4374 |   5 | 1435.4 |
  Orcish Mines |   3048 |   2856 |    192 |    277 |   1672 |   2 | 1524.0 |
       Ossuary |    289 |    289 |      0 |      0 |      0 |   1 |  289.0 |
               +--------+--------+--------+--------+--------+-----+--------+

Top non-repeatable levels by time:
  Lair:5: 2312 daAuts
   Orc:2: 2186 daAuts
     D:5: 1718 daAuts
     D:8: 1544 daAuts
  Lair:3: 1495 daAuts
  Lair:2: 1401 daAuts
    D:10: 1324 daAuts
    D:11: 1209 daAuts
  Lair:4: 1142 daAuts
   Orc:1: 861 daAuts
     D:7: 856 daAuts
     D:1: 847 daAuts
  Lair:1: 825 daAuts
     D:3: 781 daAuts
     D:9: 719 daAuts
